 Dungeon Crawl Stone Soup version 0.16.1-4-g8e1b745 (console) character file.

8 gw the Charlatan (level 2, -2/16 HPs)
             Began as a Deep Elf Artificer on Mar 28, 2015.
             Slain by a jackal (3 damage)
             ... on level 2 of the Dungeon.
             The game lasted 00:00:22 (453 turns).

gw the Charlatan (Deep Elf Artificer)                Turns: 453, Time: 00:00:22

Health: -2/16      AC:  3    Str:  8    XL:     2   Next: 0%
Magic:  5/5        EV: 12    Int: 16    God:
Gold:   0          SH:  0    Dex: 15    Spells: 0 memorised, 1 level left

rFire  . . .     SeeInvis .     a - +0 short sword
rCold  . . .     Clarity  .     e - +0 leather armour
rNeg   . . .     SustAb   .     (no shield)
rPois  .         Gourm    .     (no helmet)
rElec  .         Spirit   .     (no cloak)
rCorr  .         Warding  .     (no gloves)
rMut   .         Stasis   .     (no boots)
MR     .....                    (no amulet)
Stlth  ++........               (no ring)
                                (no ring)

@: not resistant to hostile enchantments, unstealthy
A: no striking features
a: no special abilities


You were on level 2 of the Dungeon.
You were not hungry.

You visited 1 branch of the dungeon, and saw 2 of its levels.

Inventory:

Hand weapons
 a - a +0 short sword (weapon)
Missiles
 i - 10 arrows
Armour
 e - a +0 leather armour (worn)
Magical devices
 b - a wand of flame (10)
 c - a wand of enslavement (15)
 d - a wand of random effects (10)
Scrolls
 g - a scroll of magic mapping {unknown}
Potions
 h - a potion of heal wounds {unknown}
 j - a potion of curing {unknown}
Comestibles
 f - a bread ration


   Skills:
 + Level 1.1 Fighting
 * Level 1.4 Short Blades
 + Level 2.7 Dodging
 - Level 1.2 Stealth
 - Level 3.2 Evocations


You had one spell level left.
You didn't know any spells.

Dungeon Overview and Level Annotations

Branches:
Dungeon (2/15)

Altars:

Annotations:
D:2 Ijyb


Message History

Unknown command.
Unknown command.
ATTACKING (0,1)
You hit the jackal but do no damage. The jackal barely misses you.
The jackal closely misses you.
The jackal bites you but does no damage.
Unknown command.
Unknown command.
Unknown command.
Unknown command.
ATTACKING (0,1)
You barely miss the jackal.
The jackal bites you but does no damage. x2
Unknown command.
Unknown command.
Unknown command.
Unknown command.
ATTACKING (0,1)
You barely miss the jackal. The jackal bites you. The jackal bites you.
You die...

##########
#e..<....# # #
#h######.#
.h.#.#%#....#.#
..##.#.#.#......#
.....g..........#
...#.#.#........#
#...)......#
#..........#
#..........#


You could see a jackal.

Table legend:
 A = Turns spent in this place as a percentage of turns spent in the entire game.
 B = Non-inter-level travel turns spent in this place as a percentage of non-inter-level travel turns spent in the entire game.
 C = Inter-level travel turns spent in this place as a percentage of turns spent in this place.
 D = Turns resting spent in this place as a percentage of non-inter-level travel turns spent in this place.
 E = Turns spent auto-exploring this place as a percentage of non-inter-level travel turns spent in this place.
 F = Non-inter-level travel turns spent in this place divided by the number of levels of this place that you've seen.
                   A       B       C       D       E      F
               +-------+-------+-------+-------+-------+----------------------
         Total | 100.0 | 100.0 |   1.7 |   1.9 |   1.7 | 259.5
       Dungeon | 100.0 | 100.0 |   1.7 |   1.9 |   1.7 | 259.5
               +-------+-------+-------+-------+-------+----------------------

Table legend:
 A = Kills in this place as a percentage of kills in entire the game.
 B = Kills by you in this place as a percentage of kills by you in the entire game.
 C = Kills by friends in this place as a percentage of kills by friends in the entire game.
 D = Other kills in this place as a percentage of other kills in the entire game.
 E = Experience gained in this place as a percentage of experience gained in the entire game.
 F = Experience gained in this place divided by the number of levels of this place that you have seen.
                   A       B       C       D       E      F
               +-------+-------+-------+-------+-------+----------------------
         Total | 100.0 | 100.0 |  -nan |  -nan | 100.0 |   6.0
       Dungeon | 100.0 | 100.0 |  -nan |  -nan | 100.0 |   6.0
               +-------+-------+-------+-------+-------+----------------------

Vanquished Creatures
  A giant gecko (D:1)
  A hobgoblin (D:2)
  3 jackals (D:2)
  A rat (D:1)
6 creatures vanquished.

Notes
Turn   | Place    | Note
--------------------------------------------------------------
     0 | D:1      | gw, the Deep Elf Artificer, began the quest for the Orb.
     0 | D:1      | Reached XP level 1. HP: 11/11 MP: 2/2
    91 | D:1      | Reached skill level 1 in Fighting
   406 | D:2      | Noticed Ijyb
   444 | D:2      | Reached XP level 2. HP: 8/16 MP: 5/5
   453 | D:2      | Slain by a jackal

Action                   || total
-------------------------++-------
Melee: Short sword       ||    29
Evoke: Wand              ||    10

Vault maps used:
D:1:      kilobyte_arrival_exit_the_forest, nemelex_diamond_rough_becter
D:2:      lemuel_doored_altar, first_bread, uniq_iyjb
